 Dungeon Crawl Stone Soup version 0.16.1-5-gaa23807 (webtiles) character file.

5350 DogShitOnMyToe the Grappler (level 10, -12/83 HPs)
             Began as a Troll Arcane Marksman on Mar 29, 2015.
             Killed by divine providence
             ... invoked by an orc priest
              (13 damage)
             ... on level 9 of the Dungeon.
             The game lasted 00:28:39 (9583 turns).

DogShitOnMyToe the Grappler (Troll Arcane Marksman) Turns: 9583, Time: 00:28:40

Health: -12/83     AC:  5    Str: 27    XL:     10   Next: 38%
Magic:  7/7        EV: 10    Int:  9    God:
Gold:   328        SH:  0    Dex: 11    Spells: 1 memorised, 10 levels left

rFire  . . .     SeeInvis .       - Unarmed
rCold  . . .     Clarity  .     a - +0 robe (curse)
rNeg   . . .     SustAb   .     (shield restricted)
rPois  .         Gourm    +     (helmet restricted)
rElec  .         Spirit   .     (no cloak)
rCorr  .         Warding  .     (gloves unavailable)
rMut   .         Stasis   .     (boots unavailable)
MR     .....                    (no amulet)
Stlth  +.........               (no ring)
                                (no ring)

@: mighty, lethally poisoned (-12 -> -25), not resistant to hostile
enchantments, very unstealthy
A: unfitting armour, claws 3, fast metabolism 3, gourmand, regeneration 2,
shaggy fur 1, tough skin 2
a: no special abilities


You were on level 9 of the Dungeon.
You were full.

You visited 2 branches of the dungeon, and saw 10 of its levels.
You also visited: Ossuary.

You collected 796 gold pieces.
You spent 468 gold pieces at shops.

Inventory:

Missiles
 c - 4 throwing nets
 J - 4 large rocks (quivered)
Armour
 a - a cursed +0 robe (worn)
 E - a cursed -1 robe
Rods
 R - a +0 rod of destruction (13/13)
   (You found it on level 7 of the Dungeon)
Jewellery
 b - an uncursed amulet of resist corrosion {unknown}
 g - a cursed amulet of inaccuracy {unknown}
 h - a cursed ring of stealth
 I - a +5 ring of evasion {unknown}
 L - an uncursed ring of protection from fire {unknown}
Magical devices
 C - a wand of random effects (22)
 F - a wand of paralysis (13)
 N - a wand of frost (28)
 P - a wand of digging (7)
Scrolls
 e - 6 scrolls of remove curse {unknown}
 j - 9 scrolls of recharging {unknown}
 n - 6 scrolls of identify
 q - a scroll of fear {unknown}
 s - 4 scrolls of teleportation {unknown}
 u - a scroll of blinking {unknown}
 y - 2 scrolls of magic mapping {unknown}
 K - a scroll of enchant weapon {unknown}
 M - a scroll of enchant armour {unknown}
 O - a scroll of amnesia {unknown}
Potions
 k - a potion of invisibility {unknown}
 l - 3 potions of restore abilities {unknown}
 o - 3 potions of brilliance {unknown}
 r - 2 potions of heal wounds
 t - 3 potions of might
 v - 7 potions of curing
 w - 3 potions of lignification {unknown}
 x - 2 potions of flight {unknown}
 z - a potion of poison {unknown}
 A - a potion of mutation {unknown}
 B - a potion of ambrosia {unknown}
 D - a potion of haste
 G - a potion of agility
 H - a potion of magic {unknown}
Books
 d - a book of Debilitation

   Spells                             Type                      Level
   a - Corona                         Hexes                        1
   b - Slow                           Hexes                        2
   c - Inner Flame                    Hexes/Fire                   3
   d - Enslavement                    Hexes                        4
   e - Cause Fear                     Hexes                        4
   f - Leda's Liquefaction            Hexes/Earth                  4
Comestibles
 f - 6 meat rations
 i - 10 bread rations
 m - 2 beef jerkies
 p - a slice of pizza
 Q - 4 fruits


   Skills:
 - Level 0.7 Fighting
 - Level 1.7 Throwing
 - Level 1.5 Dodging
 + Level 14.7 Unarmed Combat
 - Level 1.0 Spellcasting
 - Level 2.0 Hexes


You had 10 spell levels left.
You knew the following spells:

 Your Spells              Type           Power        Failure   Level  Hunger
a - Corona                Hex            #......      17%         1    ##.....


Dungeon Overview and Level Annotations

Branches:
Dungeon (9/15)             Temple (1/1) D:5
   Lair: D:8-11         Orc: D:9-12

Altars:
Ashenzari
Cheibriados
Dithmenos
Elyvilon
Fedhas
Gozag
Makhleb
Nemelex Xobeh
Okawaru
Qazlal
Ru
Sif Muna
Trog
Vehumet
Xom
Yredelemnul
Zin
The Shining One

Shops:
D:4 !


Innate Abilities, Weirdness & Mutations

You are too large for most types of armour.
You have claws for hands.
Your metabolism is lightning-fast.
You like to eat raw meat.
You heal very quickly.
You are covered in fur (AC +1).
You have very tough skin (AC +2).


Message History

You hear a grinding noise.
An orc priest comes into view. It is wielding a club.
Read which item? (? for menu, Esc to quit)
As you read the scroll labeled ULATRE PLULAOS, it crumbles to dust.
It is a scroll of identify.
Identify which item? (\ to view known items) (? for menu, Esc to quit)
h - a cursed ring of stealth You feel sick.
The orc priest shouts!
The killer bee closely misses you. The killer bee barely misses you.
The killer bee stings you.
* * * LOW HITPOINT WARNING * * *
You are more poisoned.
The killer bee poisons you! The killer bee completely misses you.
The orc warrior hits you with a long sword!
* * * LOW HITPOINT WARNING * * *
You hear a grinding noise.
The orc priest invokes the aid of Beogh against you.
Something smites you!
You die...

####+####### #..........#
##.##### #..........#
#....... #### #..........#
#.......
...##..>.......###.......
#..#..........'.#.......
#.#..........#.#.......
###†#..y.......#.#.......
#.o.B.yy@......#.........
#o......o.......###)......
.y..###...........#
#..##'## ....y#
##..........# #.##...#
#...# ############
###.≈.≈. ... #≈≈.≈≈ .
#≈≈_≈≈ #≈#∩#≈ ######


You could see a boring beetle, an orc warrior, 3 killer bees, an orc priest and
an orc.

Vanquished Creatures
  Erolcha (D:8)
  Psyche (D:8)
  Grinder (D:5)
  Prince Ribbit (D:8)
  A spriggan (D:7)
  Eustachio (D:8)
  A hippogriff (D:8)
  Edmund (D:5)
  Menkaure (D:4)
  3 orc warriors
  2 water moccasins (D:8)
  A sky beast (D:6)
  3 centaurs
  2 ogres
  Sigmund (D:3)
  A giant frog (D:6)
  5 scorpions
  4 wights (D:8)
  7 killer bees (D:9)
  3 crimson imps
  A giant frog zombie (D:8)
  A centaur skeleton (D:5)
  4 hounds
  An iguana (D:6)
  5 jellies
  3 orc priests (D:6)
  2 giant frog skeletons
  3 gnoll shamans
  5 worker ants
  Natasha (D:3)
  5 orc wizards
  A killer bee zombie (D:5)
  A big kobold zombie (Ossuary)
  Ijyb (D:2)
  A hound zombie (D:6)
  9 mummies
  16 gnolls
  11 adders
  3 shadow imps
  2 giant mites
  6 worms
  2 adder zombies (D:7)
  An adder skeleton (D:8)
  2 oozes (D:8)
  14 orcs
  3 ball pythons
  16 bats
  A bat skeleton (D:5)
  A bat zombie (D:7)
  8 giant cockroaches
  23 goblins
  8 hobgoblins
  12 jackals
  5 quokkas
  A giant cockroach zombie (D:6)
  A giant gecko (D:5)
  A giant gecko skeleton (D:3)
  6 giant newts
  3 gnoll zombies (Ossuary)
  A hobgoblin zombie (Ossuary)
  13 kobolds
  2 kobold zombies (Ossuary)
  An orc zombie (Ossuary)
  A quokka zombie (D:7)
  12 rats
261 creatures vanquished.

Vanquished Creatures (others)
  2 adders (D:6)
  A jackal (D:6)
3 creatures vanquished.

Grand Total: 264 creatures vanquished

Notes
Turn   | Place    | Note
--------------------------------------------------------------
     0 | D:1      | DogShitOnMyToe, the Troll Arcane Marksman, began the quest for the Orb.
     0 | D:1      | Reached XP level 1. HP: 18/18 MP: 2/2
   114 | D:1      | Reached skill level 1 in Unarmed Combat
   157 | D:1      | Reached XP level 2. HP: 15/26 MP: 2/2
   783 | D:2      | Reached XP level 3. HP: 24/32 MP: 3/3
   901 | D:2      | Reached skill level 3 in Unarmed Combat
   967 | D:2      | Noticed Ijyb
   979 | D:2      | Killed Ijyb
  1079 | D:2      | Reached XP level 4. HP: 38/40 MP: 3/3
  1321 | D:2      | Reached skill level 4 in Unarmed Combat
  1706 | D:2      | Reached XP level 5. HP: 46/46 MP: 4/4
  2186 | D:2      | Reached skill level 5 in Unarmed Combat
  2387 | D:3      | Noticed Sigmund
  2394 | D:3      | Killed Sigmund
  2695 | D:3      | Noticed Natasha
  2704 | D:3      | Killed Natasha
  2704 | D:3      | Reached XP level 6. HP: 45/54 MP: 5/5
  2861 | D:3      | Reached skill level 6 in Unarmed Combat
  3218 | D:4      | Found a sand-covered staircase.
  3248 | Ossuary  | Entered an ossuary
  3668 | D:4      | Reached skill level 7 in Unarmed Combat
  3936 | D:4      | Reached XP level 7. HP: 61/61 MP: 5/5
  4297 | D:4      | Noticed Menkaure
  4304 | D:4      | Killed Menkaure
  4304 | D:4      | Reached skill level 8 in Unarmed Combat
  4465 | D:4      | Found Ruimae's Distillery.
  4483 | D:4      | Bought a potion of haste for 130 gold pieces
  4483 | D:4      | Bought 2 potions of heal wounds for 130 gold pieces
  4483 | D:4      | Bought a potion of agility for 52 gold pieces
  4483 | D:4      | Bought a potion of might for 52 gold pieces
  4483 | D:4      | Bought a potion of curing for 39 gold pieces
  4483 | D:4      | Bought a potion of heal wounds for 65 gold pieces
  4805 | D:5      | Entered Level 5 of the Dungeon
  4892 | D:5      | Found a staircase to the Ecumenical Temple.
  4907 | Temple   | Entered the Ecumenical Temple
  5079 | D:5      | Noticed Grinder
  5094 | D:5      | Killed Grinder
  5094 | D:5      | Reached skill level 9 in Unarmed Combat
  5189 | D:5      | Reached XP level 8. HP: 44/68 MP: 5/5
  5740 | D:5      | Reached skill level 10 in Unarmed Combat
  5823 | D:5      | Noticed Edmund
  5867 | D:5      | Killed Edmund
  6225 | D:6      | Reached skill level 11 in Unarmed Combat
  6565 | D:6      | Reached XP level 9. HP: 61/75 MP: 6/6
  6738 | D:6      | Reached skill level 12 in Unarmed Combat
  7442 | D:7      | Found a shadowy altar of Dithmenos.
  8182 | D:8      | Noticed Erolcha
  8199 | D:8      | Killed Erolcha
  8199 | D:8      | Reached skill level 13 in Unarmed Combat
  8407 | D:8      | Reached XP level 10. HP: 83/83 MP: 7/7
  8525 | D:8      | Noticed Psyche
  8527 | D:8      | Noticed Prince Ribbit
  8540 | D:8      | Killed Psyche
  8540 | D:8      | Reached skill level 14 in Unarmed Combat
  8662 | D:8      | Killed Prince Ribbit
  9034 | D:8      | Noticed Eustachio
  9058 | D:8      | Killed Eustachio
  9126 | D:8      | Found a runed door.
  9507 | D:9      | Found a burning altar of Makhleb.
  9562 | D:9      | HP: 4/83 [killer bee (4)]
  9583 | D:9      | HP: 1/83 [orc warrior/long sword (17)]
  9583 | D:9      | Killed from afar by an orc priest

Action                   |  1- 3 |  4- 6 |  7- 9 | 10-12 || total
-------------------------+-------+-------+-------+-------++-------
Melee: Unarmed           |    95 |   214 |   414 |   130 ||   853
Throw: Large rock        |       |       |     9 |     4 ||    13
       Throwing net      |       |       |     3 |     4 ||     7
  Use: Potion            |       |       |       |     9 ||     9
       Scroll            |       |       |       |     1 ||     1
 Stab: Sleeping          |       |       |     2 |       ||     2
       Held in net/web   |       |       |     1 |       ||     1
       Distracted        |       |       |     1 |       ||     1
  Eat: Chunk             |    15 |    20 |    47 |     7 ||    89
